 Dungeon Crawl Stone Soup version 0.20.0-14-g326068f (webtiles) character file.

128 Chiseanne the Ducker (level 5, -2/36 HPs)
             Began as a Halfling Monk on June 9, 2017.
             Killed by nerve-wracking pain
             ... invoked by an orc priest
              (9 damage)
             ... on level 3 of the Dungeon.
             The game lasted 00:03:33 (2188 turns).

Chiseanne the Ducker (Halfling Monk)                Turns: 2188, Time: 00:03:33

Health: -2/36      AC:  7    Str: 12    XL:     5   Next: 34%
Magic:  5/5        EV: 13    Int:  9    God:
Gold:   149        SH:  0    Dex: 17    Spells: 4/4 levels left

rFire    . . .     SeeInvis .   a - +1 falchion
rCold    . . .     Gourm    .   (shield restricted)
rNeg     . . .     Faith    .   b - +1 scale mail
rPois    .         Spirit   .   (no helmet)
rElec    .         Reflect  .   (no cloak)
rCorr    .         Harm     .   (no gloves)
MR       .....                  (no boots)
Stlth    +.........             (no amulet)
Regen    0.2/turn               (no ring)
MPRegen  0.1/turn               (no ring)

@: lethally poisoned (-2 -> -3)
A: mutation resistance 1
a: no special abilities


You were on level 3 of the Dungeon.
You were very hungry.

You visited 1 branch of the dungeon, and saw 3 of its levels.

You collected 149 gold pieces.

Inventory:

Hand Weapons
 a - a +1 falchion (weapon)
 m - a +0 blowgun
Missiles
 f - 107 stones (quivered)
 h - 35 poisoned needles
 j - 39 sling bullets
 n - 3 needles of sleeping
 o - 3 poisoned tomahawks
Armour
 b - a +1 scale mail (worn)
Jewellery
 e - an uncursed ring of fire
Scrolls
 d - a scroll of enchant armour
 g - a scroll of blinking {unknown}
Potions
 k - a potion of agility
 l - a potion of curing
 p - a potion of lignification {unknown}
 q - a potion of brilliance
Comestibles
 c - 2 bread rations
 i - a royal jelly


   Skills:
 * Level 3.6 Fighting
 - Level 3.0 Long Blades
 * Level 2.6 Armour
 * Level 4.5 Dodging
 - Level 2.1 Stealth


You had 4 spell levels left.
You didn't know any spells.

Dungeon Overview and Level Annotations

Branches:
Dungeon (3/15)

Altars:
Ashenzari
Makhleb


Innate Abilities, Weirdness & Mutations

You are small and have problems with some larger weapons.
You are somewhat resistant to further mutation.


Message History

You hit the orc.
The orc is heavily wounded.
You hit the orc.
The orc is almost dead.
You hit the orc.
You kill the orc!
You feel sick.
o - 3 poisoned tomahawks
Things that are here:
a war axe; an orc corpse You feel yourself slow down.
You feel sick. The orc priest barely misses you.
You riposte.
You hit the orc priest.
The orc priest is moderately wounded.
You see here a poisoned tomahawk.
You hit the orc priest but do no damage.
The orc priest is moderately wounded.
The orc priest mumbles some strange prayers to Beogh against you.
Pain shoots through your body!
You die...

#...... #..#.#
#.≈...≈.#[)#.#
#.......#..#.#
..........#.#
###..........#
.....####.###
####.#.####.#
#......o....#
#.##.#@######
#.# #)#
#.#######(#
#....!....#
#.#########


You could see an orc priest.

Vanquished Creatures
  An orc priest (D:3)
  4 adders
  An ooze (D:1)
  2 worms (D:2)
  A dart slug (D:1)
  2 leopard geckos
  2 orcs (D:3)
  A giant cockroach (D:2)
  4 goblins
  3 hobgoblins
  3 jackals (D:1)
  6 kobolds
  A quokka (D:2)
  11 bats
  4 frilled lizards (D:1)
  A rat (D:2)
47 creatures vanquished.

Notes
Turn   | Place    | Note
-------+----------+-------------------------------------------
     0 | D:1      | Chiseanne the Halfling Monk began the quest for the Orb.
     0 | D:1      | Reached XP level 1. HP: 15/15 MP: 1/1
   140 | D:1      | Reached XP level 2. HP: 18/20 MP: 2/2
   355 | D:1      | Reached skill level 1 in Armour
   660 | D:1      | Reached XP level 3. HP: 21/25 MP: 3/3
  1122 | D:2      | Reached skill level 4 in Dodging
  1213 | D:2      | Found a shattered altar of Ashenzari.
  1433 | D:2      | Reached XP level 4. HP: 31/31 MP: 4/4
  2107 | D:3      | Reached XP level 5. HP: 8/36 MP: 5/5
  2132 | D:3      | Found a burning altar of Makhleb.
  2188 | D:3      | Killed from afar by an orc priest

Skill      XL: |  1  2  3  4 |
---------------+-------------+-----
Armour         | 1 2 |  2.6
Fighting       | 3 |  3.6
Dodging        | 4 |  4.5
Long Blades    | |  3.0
Stealth        | |  2.1

Action                   |  1- 3 |  4- 6 || total
-------------------------+-------+-------++-------
Melee: Falchion          |    84 |    60 ||   144
  Use: Scroll            |     5 |     7 ||    12
       Potion            |       |     1 ||     1
 Stab: Sleeping          |     1 |       ||     1
  Eat: Chunk             |     2 |     1 ||     3
Armor: Scale mail        |    36 |    28 ||    64
       Robe              |     1 |       ||     1
Dodge: Dodged            |    70 |    52 ||   122
       Rpst.: Falchion   |    24 |    23 ||    47
